Map: 서브머린 - 래더

Players

Solar

  • Race: Zerg Zerg
  • League: Master
  • Spawn Location: 5:00

Neeb - Winner!

  • Race: Protoss Protoss
  • Spawn Location: 11:00

Event: Cheeseadelphia Winter Championship 2021

VOD

Have the link to the VOD?

Description

Time

  • Played on: Jan. 23, 2021, 4:35 p.m.
  • Length: 10:54

All games in this series

Show
View Real Time Build Order
Export as new Build Order

Solar Zerg 

Build Orders: Hatch First 

Get SALT Encoding   

  12  0:00  Drone  
  13  0:12  Overlord  
  13  0:16  Drone  
  14  0:31  Drone  
  14  0:32  Drone  
  16  0:48  Hatchery  
  15  0:51  Drone  
  15  0:54  Drone  
  17  0:58  Drone  
  18  1:05  Extractor  
  17  1:14  Spawning Pool  
  17  1:17  Drone  
  17  1:20  Drone  
  18  1:28  Drone  
  19  1:39  Drone  
  20  1:49  Overlord  
  20  2:01  Queen x2  
  22  2:02  Zergling x4  
  26  2:13  Metabolic Boost  
  26  2:14  Drone x2  
  28  2:22  Drone x2  
  30  2:36  Hatchery  
  29  2:38  Zergling x2  
  30  2:45  Queen  
  30  2:50  Overlord  
  32  2:52  Drone  
  32  2:54  Drone  
  32  2:57  Drone  
  35  2:59  Drone  
  36  3:11  Drone x4  
  41  3:12  Drone  
  41  3:13  Drone x2  
  41  3:17  Overlord  
  43  3:20  Drone  
  44  3:29  Overlord  
  44  3:35  Queen  
  44  3:39  Drone  
  44  3:40  Drone x3  
  49  3:43  Drone  
  49  3:44  Roach Warren  
  49  3:45  Drone  
  49  3:47  Drone  
  50  3:50  Drone  
  50  3:54  Zergling x6  
  54  3:56  Extractor  
  54  3:57  Zergling x2  
  54  4:00  Overlord  
  54  4:03  Overlord  
  54  4:11  Spore Crawler  
  54  4:14  Drone  
  54  4:15  Drone  
  54  4:16  Spore Crawler  
  54  4:24  Spore Crawler  
  54  4:25  Roach x4  
  54  4:26  Zergling x6  
  54  4:29  Roach  
  54  4:31  Zergling x4  
  70  4:33  Zergling x4  
  70  4:36  Overlord  
  73  4:39  Zergling x2  
  73  4:43  Drone  
  73  4:45  Zergling x6  
  75  4:50  Zergling x4  
  76  4:56  Drone x2  
  76  4:57  Drone  
  73  5:00  Zergling x4  
  73  5:04  Drone  
  73  5:06  Drone  
  73  5:07  Lair  
  77  5:09  Drone  
  77  5:11  Drone x2  
  77  5:12  Extractor, Overlord  
  79  5:16  Spore Crawler  
  79  5:17  Spore Crawler  
  79  5:20  Overlord  
  77  5:22  Roach  
  77  5:23  Roach  
  81  5:28  Drone  
  81  5:31  Overlord  
  81  5:32  Extractor  
  81  5:33  Zergling x2  
  81  5:34  Drone  
  81  5:35  Drone x2  
  84  5:37  Ravager  
  84  5:40  Overlord  
  84  5:41  Drone  
  86  5:43  Drone x2  
  86  5:46  Drone  
  89  5:50  Roach x2  
  89  5:51  Drone x2  
  89  5:55  Extractor  
  93  5:57  Drone  
  93  5:59  Roach  
  93  6:00  Roach  
  93  6:02  Zergling x2, Roach  
  93  6:03  Zergling x2  
  102  6:05  Zergling x2  
  102  6:06  Glial Reconstitution, Overseer  
  102  6:08  Overseer  
  102  6:10  Drone  
  105  6:11  Drone  
  105  6:12  Roach  
  105  6:14  Drone  
  105  6:16  Overlord  
  108  6:20  Evolution Chamber  
  107  6:26  Roach x3  
  113  6:32  Overlord  
  113  6:36  Roach  
  113  6:37  Roach x4  
  113  6:39  Roach  
  110  6:41  Roach  
  110  6:44  Roach x2  
  116  6:47  Roach  
  116  6:50  Roach x2  
  116  6:53  Roach  
  117  6:56  Zergling x4  
  111  7:01  Zergling x6  
  111  7:03  Zergling x2  
  111  7:08  Drone x2  
  113  7:10  Drone x2  
  105  7:15  Drone  
  105  7:21  Spire  
  105  7:22  Drone  
  103  7:23  Ravager  
  103  7:25  Drone, Ravager  
  106  7:30  Drone  
  106  7:33  Drone x3  
  106  7:40  Drone  
  106  7:41  Drone  
  106  7:43  Drone  
  108  7:48  Drone x2  
  108  7:49  Drone x2  
  109  7:56  Extractor  
  109  7:57  Zergling x4  
  109  8:02  Drone  
  109  8:04  Drone x2  
  109  8:06  Drone  
  109  8:07  Drone  
  109  8:10  Zergling x6  
  77  8:23  Overlord  
  77  8:33  Mutalisk x6  
  89  8:35  Mutalisk x2  
  89  8:39  Mutalisk x3  
  99  8:44  Mutalisk  
  99  8:46  Zergling x12  
  100  8:53  Mutalisk  
  100  8:54  Zergling x2  
  103  8:56  Zergling x2  
  103  9:02  Zergling x4, Hatchery  
  105  9:06  Mutalisk  
  105  9:08  Drone  
  108  9:11  Overlord  
  108  9:13  Mutalisk  
  108  9:14  Drone  
  108  9:16  Drone  
  112  9:20  Mutalisk  
  112  9:22  Drone  
  112  9:23  Zergling x2  
  115  9:26  Mutalisk  
  115  9:27  Drone  
  115  9:28  Drone  
  115  9:30  Mutalisk  
  121  9:36  Zergling x4  
  121  9:43  Overlord  
  105  9:46  Mutalisk x2  
  105  9:47  Zergling x2  
  105  9:50  Zergling x2  
  101  9:54  Zergling x4  
  84  10:00  Zergling x4  
  84  10:03  Zergling x2  
  71  10:09  Zergling x2  
  49  10:31  Zergling x2  
Show
View Real Time Build Order
Export as new Build Order

Neeb Protoss - Winner!

Build Orders: 1 Gate Expand, Mass Adepts 

Get SALT Encoding   

  12  0:00  Probe  
  13  0:12  Probe  
  14  0:19  Pylon  
  14  0:24  Probe  
  15  0:37  Probe (Chrono Boost)  
  15  0:39  Gateway  
  16  0:46  Probe (Chrono Boost)  
  17  0:50  Assimilator  
  17  0:51  Probe  
  18  1:03  Probe  
  19  1:15  Probe  
  20  1:25  Nexus  
  20  1:35  Cybernetics Core  
  20  1:37  Probe  
  21  1:45  Assimilator  
  21  1:49  Probe  
  21  1:51  Pylon  
  22  2:01  Probe (Chrono Boost)  
  23  2:09  Adept (Chrono Boost)  
  23  2:11  Warp Gate (Chrono Boost)  
  23  2:12  Probe (Chrono Boost)  
  26  2:17  Probe (Chrono Boost)  
  26  2:22  Twilight Council  
  27  2:28  Probe  
  28  2:31  Stalker  
  30  2:38  Probe  
  30  2:41  Probe  
  32  2:47  Gateway  
  32  2:51  Probe  
  33  2:56  Gateway  
  33  2:58  Resonating Glaives (Chrono Boost)  
  33  2:59  Probe  
  34  3:06  Probe  
  34  3:10  Adept  
  37  3:13  Probe  
  37  3:18  Probe  
  39  3:21  Pylon  
  39  3:25  Probe  
  40  3:30  Probe  
  40  3:33  Robotics Facility  
  41  3:38  Probe  
  42  3:42  Probe  
  43  3:50  Probe  
  43  3:53  Adept x2  
  43  3:55  Adept  
  50  3:57  Pylon, Probe  
  50  4:02  Probe  
  52  4:04  Assimilator  
  52  4:08  Pylon  
  52  4:09  Assimilator  
  53  4:14  Probe  
  53  4:16  Adept x3  
  59  4:21  Probe  
  60  4:25  Robotics Bay  
  60  4:26  Observer (Chrono Boost)  
  61  4:33  Probe x2  
  61  4:34  Pylon  
  63  4:45  Probe  
  64  4:48  Adept x3  
  64  4:49  Warp Prism (Chrono Boost)  
  68  5:10  Pylon  
  68  5:13  Adept x3  
  72  5:16  Disruptor (Chrono Boost)  
  75  5:21  Gravitic Drive  
  75  5:27  Nexus  
  75  5:33  Pylon  
  75  5:35  Probe x2  
  77  5:43  Disruptor (Chrono Boost)  
  77  5:46  Adept  
  77  5:47  Adept  
  77  5:48  Adept  
  86  5:51  Probe  
  86  5:52  Probe  
  88  5:57  Pylon  
  88  5:59  Forge  
  88  6:05  Probe  
  88  6:09  Probe  
  90  6:15  Colossus  
  90  6:16  Sentry x3  
  102  6:38  Probe x2  
  104  6:41  Sentry, Adept x2  
  104  6:46  Probe  
  111  6:51  Probe x2  
  111  6:58  Probe  
  102  7:02  Observer  
  102  7:03  Adept x2  
  100  7:08  Probe  
  100  7:09  Probe  
  100  7:10  Probe  
  100  7:13  Protoss Ground Weapons Level 1 (Chrono Boost)  
  100  7:15  Colossus (Chrono Boost)  
  97  7:25  Stalker x3  
  97  7:28  Shield Battery  
  97  7:29  Shield Battery  
  102  7:33  Shield Battery  
  102  7:35  Shield Battery  
  102  7:43  Pylon  
  100  7:49  Stalker  
  100  7:50  Stalker x2  
  99  7:58  Gateway  
  99  7:59  Gateway, Probe x2  
  99  8:01  Gateway  
  99  8:02  Gateway  
  99  8:05  Gateway  
  107  8:13  Probe  
  107  8:14  Probe  
  107  8:16  Stalker x3, Colossus  
  115  8:20  Blink (Chrono Boost)  
  115  8:21  Extended Thermal Lance, Gateway  
  115  8:26  Assimilator  
  115  8:28  Assimilator  
  115  8:33  Probe  
  116  8:38  Pylon  
  116  8:40  Pylon  
  116  8:47  Photon Cannon  
  117  8:49  Pylon  
  117  8:51  Photon Cannon  
  116  8:58  Stalker x4  
  116  8:59  Sentry  
  126  9:03  Sentry  
  126  9:09  Stalker, Photon Cannon  
  130  9:16  Shield Battery  
  130  9:25  Stalker x4  
  130  9:29  Stalker  
  139  9:34  Stalker x2  
  134  9:41  Stalker  
  134  9:42  Stalker  
  138  9:50  Stalker  
  127  10:00  Zealot x5  
  110  10:30  Cybernetics Core  
  83  10:50  Zealot x7  
  83  10:51  Cybernetics Core  
Tags
 
Add a new tag
Caveats
  • Supply blocks, unpowered buildings, or Contaminate may cause inaccurate times.
  • Supply counts are checked every 10 seconds.